 Dungeon Crawl Stone Soup version 0.28.0-53-g5a82cb258f (webtiles) character file.

Game seed: 10138488415490727370

114 nickcage the Vexing (level 4, 0/21 HPs)
             Began as a Spriggan Enchanter on July 11, 2022.
             Succumbed to an adder's poison
             ... on level 3 of the Dungeon.
             The game lasted 00:10:12 (3136 turns).

nickcage the Vexing (Spriggan Enchanter)            Turns: 3136, Time: 00:10:13

Health: 0/21       AC:  2    Str:  6    XL:     4   Next: 67%
Magic:  2/9        EV: 17    Int: 16    God:
Gold:   76         SH:  0    Dex: 15    Spells: 7/9 levels left

rFire   . . .      SeeInvis +   a - +1 dagger
rCold   . . .      Faith    .   (no shield)
rNeg    . . .      Spirit   .   b - +0 robe
rPois   .          Reflect  .   (helmet restricted)
rElec   .          Harm     .   (no cloak)
rCorr   .          Rampage  .   (gloves unavailable)
Will    .....                   (boots unavailable)
Stlth   +++.......              (no amulet)
HPRegen 0.07/turn               (no ring)
MPRegen 0.11/turn               (no ring)

@: lethally poisoned (0 -> -2), very quick
A: very small, no large weapons, unfitting armour, see invisible, speed 3
a: no special abilities


You were on level 3 of the Dungeon.
You visited 1 branch of the dungeon, and saw 3 of its levels.

You collected 76 gold pieces.

Inventory:

Hand Weapons
 a - a +1 dagger (weapon)
Armour
 b - a +0 robe (worn)
Magical Staves
 g - a staff of cold
Potions
 c - a potion of invisibility
 d - a potion of heal wounds {unknown}
 e - a potion of cancellation {unknown}
 f - a potion of attraction {unknown}
 h - a potion of haste
 i - 2 potions of lignification
 j - a potion of berserk rage {unknown}
 k - a potion of ambrosia {unknown}


   Skills:
 + Level 3.1 Short Blades
 - Level 2.6 Dodging
 - Level 4.4 Stealth
 - Level 3.0 Spellcasting
 - Level 5.4 Hexes
 - Level 0.5 Ice Magic


You had 7 spell levels left.
You knew the following spells:

 Your Spells              Type           Power      Damage    Failure   Level
a - Ensorcelled Hibernat  Hex/Ice        22%        N/A       9%          2

Your spell library contained the following spells:

 Spells                   Type           Power      Damage    Failure   Level
 Confusing Touch          Hex            19%        N/A       6%          3
 Tukima's Dance           Hex            19%        N/A       6%          3
 Dazzling Flash           Conj/Hex       22%        N/A       19%         3
 Ozocubu's Armour         Ice            4%         N/A       41%         3
 Alistair's Intoxication  Tmut/Pois      1%         N/A       99%         5
 Irradiate                Conj/Tmut      1%         3d13      99%         5


Dungeon Overview and Level Annotations

Branches:
Dungeon (3/15)

Altars:

Annotations:
D:2 Terence


Innate Abilities, Weirdness & Mutations

You are very small and have problems with some larger weapons.
You are too small for most types of armour.
You have supernaturally acute eyesight. (SInv)
You cover ground extremely quickly. (Speed+++)


Message History

A giant cockroach comes into view.
Found a scroll of identify.
Found a stone staircase leading down.
An adder comes into view.
The giant cockroach looks drowsy...
The adder hisses angrily.
The helpless giant cockroach fails to defend itself.
You impale the giant cockroach!!
You kill the giant cockroach!
You miscast Ensorcelled Hibernation.
You are very lightly contaminated with residual magic.
Nothing appears to happen.
The adder resists with significant effort.
The adder completely misses you.
The adder resists with significant effort.
The adder bites you.
You are poisoned.
The adder poisons you! The adder bites you.
You are more poisoned.
The adder poisons you!
You closely miss the adder.
You feel very sick. The adder closely misses you.
You closely miss the adder.
You feel sick. The adder bites you.
You are too injured to fight recklessly!
You feel sick.
* * * LOW HITPOINT WARNING * * *
You feel sick.
* * * LOW HITPOINT WARNING * * *
You feel sick.
* * * LOW HITPOINT WARNING * * *
You feel sick.
* * * LOW HITPOINT WARNING * * *
You feel sick.
* * * LOW HITPOINT WARNING * * *
You feel sick.
Your magical contamination has completely faded away.
* * * LOW HITPOINT WARNING * * *
You feel sick.
There is a stone staircase leading up here.
You die...

....... ..# #.....#
#..........##.......#
.....>.>.#.#.........
........##.#.........
........##<#.........
.......##..........< #
....................
.#. ##.....S.........
....###...####.@.......
...#..[...# #.........
..........# #.........
...##.....# #.........
#.?...# ##...<...#
........# ##.....##
#.##.....# ....## #
#.....# .#... ......#


You could see an adder.

Vanquished Creatures
  Jessica (D:2)
  4 adders (D:2)
  A dart slug (D:1)
  2 endoplasms (D:2)
  8 giant cockroaches
  8 hobgoblins
  5 jackals
  A quokka (D:2)
  6 ball pythons (D:1)
  3 bats (D:2)
  A frilled lizard (D:1)
  A goblin (D:1)
  A kobold (D:1)
  7 rats
49 creatures vanquished.

Notes
Turn   | Place    | Note
-------+----------+-------------------------------------------
     0 | D:1      | nickcage the Spriggan Enchanter began the quest for the
                  | Orb.
     0 | D:1      | Reached XP level 1. HP: 9/9 MP: 5/5
   354 | D:1      | Reached skill level 4 in Hexes
   524 | D:1      | Reached XP level 2. HP: 13/13 MP: 6/6
   527 | D:1      | Learned a level 2 spell: Ensorcelled Hibernation
  1177 | D:1      | Reached skill level 5 in Hexes
  1177 | D:1      | Reached XP level 3. HP: 11/16 MP: 5/8
  1538 | D:2      | Found a faded altar of an unknown god.
  1996 | D:2      | Got Inebusonk's Almanac of Congealing Transformation
  2008 | D:2      | Noticed Terence
  2306 | D:2      | Reached XP level 4. HP: 15/21 MP: 4/9
  2611 | D:2      | Noticed Jessica
  2625 | D:2      | Killed Jessica
  3135 | D:3      | HP: 1/21 [poisoned by an adder]
  3136 | D:3      | Succumbed to an adder's poison

Illustrated notes

Levels and vault maps discovered:
D:1:      amcnicky_arrival_feature_with_door, layout_basic
D:2:      layout_loops_cross, shapermc_ecumenical_altar_petra,
          chequers_serial_rivers_large_b, amcnicky_mini_rare_corridor_liquid,
          kennysheep_generic_room_14, uniq_jessica, uniq_terence
D:3:      wander_river, layout_rooms, mainiacjoe_overflow_24_doors

Skill      XL: |  1  2  3  4 |
---------------+-------------+-----
Hexes          | 4 5 |  5.4
Spellcasting   | 3 |  3.0
Short Blades   | 3 |  3.1
Dodging        | |  2.6
Stealth        | |  4.4
Ice Magic      | |  0.5

Action                   |  1- 3 |  4- 6 || total
-------------------------+-------+-------++-------
Melee: Dagger            |   136 |    11 ||   147
       Punch             |     3 |       ||     3
 Cast: Ensorcelled Hiber |    34 |    11 ||    45
  Use: Scroll            |     1 |     1 ||     2
 Stab: Sleeping          |    27 |     5 ||    32
Armor: Robe              |     8 |       ||     8
Dodge: Dodged            |   111 |    10 ||   121
